 Dungeon Crawl Stone Soup version 0.16.2-12-gd0ad4c3 (webtiles) character file.

826 faibistes the Cudgeler (level 7, -1/70 HPs)
             Began as an Ogre Warper on Dec 10, 2017.
             Slain by a worker ant (5 damage)
             ... on level 3 of the Dungeon.
             The game lasted 00:25:40 (9682 turns).

faibistes the Cudgeler (Ogre Warper)                Turns: 9682, Time: 00:25:41

Health: -1/70      AC:  4    Str: 17    XL:     7   Next: 96%
Magic:  17/18      EV: 10    Int: 14    God:
Gold:   360        SH:  0    Dex:  9    Spells: 6 memorised, 0 levels left

rFire  . . .     SeeInvis .     a - +0 mace
rCold  . . .     Clarity  .     b - +1 robe
rNeg   . . .     SustAb   .     (shield restricted)
rPois  .         Gourm    .     (helmet restricted)
rElec  .         Spirit   .     (no cloak)
rCorr  .         Warding  .     (gloves unavailable)
rMut   .         Stasis   .     (boots unavailable)
MR     .....                    (no amulet)
Stlth  +.........               (no ring)
                                B - ring of invisibility

@: lethally poisoned (-1 -> -2), not resistant to hostile enchantments, very
unstealthy
A: unfitting armour, tough skin 1
a: Evoke Invisibility


You were on level 3 of the Dungeon.
You were hungry.

You visited 1 branch of the dungeon, and saw 7 of its levels.
You also visited: Sewer.

You collected 360 gold pieces.

Inventory:

Hand weapons
 a - a +0 mace (weapon)
 F - a +2 dagger of holy wrath
Missiles
 e - 2 tomahawks of dispersal
 w - 95 stones
 C - 2 tomahawks (quivered)
Armour
 b - a +1 robe (worn)
Jewellery
 B - a ring of invisibility (left hand)
Magical devices
 r - a wand of frost (10)
 x - a wand of random effects (0)
 y - a wand of slowing (23)
 E - a wand of paralysis (4)
Scrolls
 d - 4 scrolls of blinking
 h - a scroll of recharging
 l - 9 scrolls of teleportation
 m - 2 scrolls of fog {unknown}
 p - 3 scrolls of identify
 q - a scroll of fear {unknown}
 t - 2 scrolls of remove curse {unknown}
 u - a scroll of enchant armour
 v - a scroll of noise {unknown}
 A - 2 scrolls of amnesia {unknown}
 D - a scroll of enchant weapon {unknown}
Potions
 g - 4 potions of invisibility
 i - 3 potions of flight
 k - 2 potions of agility
 n - a potion of heal wounds
 o - a potion of resistance
 s - a potion of brilliance
 z - a potion of might
 G - a potion of restore abilities {unknown}
Books
 c - a book of Spatial Translocations

   Spells                             Type                      Level
   a - Apportation                    Translocation                1
   b - Blink                          Translocation                2
   c - Shroud of Golubria             Charms/Translocation         2
   d - Portal Projectile              Translocation                3
   e - Teleport Other                 Translocation                3
   f - Passage of Golubria            Translocation                4
Comestibles
 f - 3 meat rations
 j - 2 bread rations
 H - 2 chunks of flesh


   Skills:
 + Level 4.2 Fighting
 * Level 6.0 Maces & Flails
 * Level 3.8 Throwing
 + Level 2.0 Armour
 - Level 1.7 Dodging
 * Level 4.9 Spellcasting
 + Level 0.2 Charms
 * Level 3.6 Translocations
 * Level 0.6 Evocations


You couldn't memorise any spells.
You knew the following spells:

 Your Spells              Type           Power        Failure   Level  Hunger
a - Apportation           Tloc           ##........   4%          1    None
b - Teleport Other        Tloc           ##......     14%         3    ###....
c - Shroud of Golubria    Chrm/Tloc      #.........   14%         2    ##.....
d - Blink                 Tloc           N/A          10%         2    ##.....
e - Portal Projectile     Tloc           ##....       14%         3    ###....
f - Passage of Golubria   Tloc           N/A          45%         4    ####...


Dungeon Overview and Level Annotations

Branches:
Dungeon (7/15)
 Temple: D:4-7

Altars:
Ashenzari
Cheibriados
Fedhas
Okawaru
Ru
Sif Muna
Xom


Innate Abilities, Weirdness & Mutations

You are too large for most types of armour.
You have tough skin (AC +1).


Message History

You climb upwards.
There is a stone staircase leading down here.
Casting: Blink
Confirm with . or Enter, or press ? or * to list all spells.
You blink.
You feel sick.
You feel sick.
Evoke which item? (* to show all) (? for menu, Esc to quit)
Zapping:
y - a wand of slowing {zapped: 8} (will waste charges)
Press: ? - help, Shift-Dir - straight line, f - worker ant
Aim: a worker ant (chance 62%)
The worker ant resists with significant effort.
Evoking this partially-identified wand wasted a few charges.
Evoke which item? (* to show all) (? for menu, Esc to quit)
Zapping:
y - a wand of slowing {zapped: 10} (will waste charges)
Press: ? - help, Shift-Dir - straight line, f/p - worker ant
Aim: a worker ant (chance 62%)
The worker ant resists with significant effort.
Evoking this partially-identified wand wasted a few charges.
You feel sick. The worker ant bites you.
You die...

##.##.#####......#
#...#....##......#
#.###....##......## #.#
#....##.......# ######
#.###....##.......# #....#
#.#......##.......# #....#
#.#.#.#.####.####.# #....#
#.#.#.#.# #.# #.#
#....###.#.#.#@## #.# #.#
#!...'...#.#..a.###.####.######
#....#####.###.......[.........
#....# #.# #..#......#.####.#
#....# #.# #.)#..#......# #.#
#....# #.# #..#..[<.....###.#
####.#####.###..#.........#....
##.....#.#...>........<.#.#.#
#......#.#.#.......#....#.#.#


You could see a worker ant.

Vanquished Creatures
  2 phantoms (D:4)
  A hound (D:5)
  An orc priest (D:5)
  A giant frog skeleton (D:4)
  An iguana (D:4)
  Natasha (thrice) (D:3)
  A worker ant (D:5)
  3 orc wizards
  A hound zombie (D:5)
  Robin (D:3)
  4 gnolls (D:4)
  11 adders
  3 giant mites
  8 worms
  5 giant geckos
  4 oozes (Sewer)
  10 orcs
  A bat skeleton (D:5)
  5 giant cockroaches
  9 goblins
  17 hobgoblins
  16 jackals
  16 kobolds
  4 quokkas
  2 ball pythons
  19 bats
  6 giant newts
  2 jackal skeletons (D:4)
  5 rats
162 creatures vanquished.

Notes
Turn   | Place    | Note
--------------------------------------------------------------
     0 | D:1      | faibistes, the Ogre Warper, began the quest for the Orb.
     0 | D:1      | Reached XP level 1. HP: 22/22 MP: 3/3
   328 | D:1      | Reached skill level 3 in Maces & Flails
   529 | D:1      | Reached XP level 2. HP: 29/29 MP: 5/5
   536 | D:1      | Learned a level 2 spell: Blink
   539 | D:1      | Learned a level 2 spell: Shroud of Golubria
  1574 | D:2      | Reached XP level 3. HP: 32/37 MP: 6/6
  1743 | D:2      | Found an iron altar of Okawaru.
  2101 | D:2      | Reached skill level 1 in Armour
  2351 | D:2      | Reached XP level 4. HP: 29/45 MP: 5/8
  2433 | D:2      | Learned a level 3 spell: Teleport Other
  2527 | D:3      | Reached skill level 4 in Maces & Flails
  2976 | D:4      | Reached XP level 5. HP: 44/53 MP: 8/11
  3077 | D:4      | Found a glowing drain.
  3495 | Sewer    | Entered a sewer
  3569 | Sewer    | Reached XP level 6. HP: 59/61 MP: 13/13
  3574 | Sewer    | Learned a level 3 spell: Portal Projectile
  4258 | D:5      | Entered Level 5 of the Dungeon
  4599 | D:4      | Noticed a phantom
  4772 | D:2      | Reached skill level 5 in Maces & Flails
  5432 | D:3      | Noticed Robin
  5447 | D:3      | Killed Robin
  5799 | D:3      | Noticed Natasha
  5808 | D:3      | Killed Natasha
  5845 | D:3      | Noticed Natasha
  5862 | D:3      | Killed Natasha
  6086 | D:3      | Noticed Natasha
  6090 | D:3      | Killed Natasha
  6274 | D:3      | Reached XP level 7. HP: 38/68 MP: 13/17
  6503 | D:3      | Found a blossoming altar of Fedhas.
  7049 | D:3      | Found a deep blue altar of Sif Muna.
  7049 | D:3      | Found a snail-covered altar of Cheibriados.
  7183 | D:4      | Killed a phantom
  8035 | D:4      | Learned a level 4 spell: Passage of Golubria
  8100 | D:4      | Found a shimmering altar of Xom.
  8602 | D:5      | Found a sacrificial altar of Ru.
  9117 | D:5      | Paralysed by a goblin for 2 turns
  9123 | D:5      | Paralysed by a goblin for 2 turns
  9262 | D:5      | Noticed a troll
  9350 | D:5      | Found a shattered altar of Ashenzari.
  9384 | D:5      | Reached skill level 6 in Maces & Flails
  9682 | D:3      | Slain by a worker ant

Action                   |  1- 3 |  4- 6 |  7- 9 || total
-------------------------+-------+-------+-------++-------
Melee: Mace              |   121 |   367 |   260 ||   748
Throw: Tomahawk          |     2 |       |     3 ||     5
       Stone             |       |     8 |   112 ||   120
 Cast: Shroud of Golubri |     9 |    40 |    23 ||    72
       Blink             |       |       |     4 ||     4
Evoke: Wand              |       |       |    13 ||    13
  Use: Scroll            |     4 |     5 |     2 ||    11
       Potion            |       |     3 |       ||     3
  Eat: Chunk             |     5 |    15 |     6 ||    26
       Fruit             |       |     2 |     1 ||     3
       Bread ration      |       |       |     1 ||     1
